| TOP OF THE 1ST |
|
Tucson Toros batting - Pitching for Portland Beavers : RHP Roy Smith
|
|
Pitching: RHP Roy Smith
|
|
|
Batting: LHB Juan Bustabad
|
0-0: Called Strike 0-1: Called Strike 0-2: Strikes out swinging
|
|
Batting: SHB Rodney Scott
|
0-0: Ground out U3 (Groundball, 34S, EV 79.4 MPH)
|
|
Batting: RHB David Holmes
|
0-0: Called Strike 0-1: Foul Ball, location: 2F 0-2: Ground out 4-3 (Groundball, 4, EV 89.4 MPH)
|
| Top of the 1st over - 0 runs, 0 hits, 0 errors, 0 left on base; Tucson 0 - Portland 0 |
| BOTTOM OF THE 1ST |
|
Portland Beavers batting - Pitching for Tucson Toros : RHP Alfredo Campos
|
|
Pitching: RHP Alfredo Campos
|
|
|
Batting: SHB Wally Backman
|
0-0: Ball 1-0: Ball 2-0: Ball 3-0: Base on Balls
|
|
Batting: LHB Mike Gates
|
0-0: Ball Wally Backman steals 2nd base 1-0: Called Strike 1-1: SINGLE (Groundball, 4S, EV 63.1 MPH) (infield hit) Wally Backman to third
|
|
Batting: RHB Martinho Varandas
|
0-0: Ball 1-0: Swinging Strike 1-1: Ball 2-1: Ball 3-1: Swinging Strike 3-2: Base on Balls Mike Gates to second
|
|
Batting: LHB Harold Baines
|
0-0: Called Strike 0-1: Ball 1-1: Ball 2-1: Fly out, F8 (Line Drive, 8RD, EV 96.3 MPH) Runner from 3rd tags up, SCORES, throw by CF Mike Gates to third
|
|
Batting: LHB Andre David
|
0-0: Ball 1-0: Called Strike 1-1: Swinging Strike 1-2: Foul Ball, location: 2F 1-2: Ball 2-2: Foul Ball, location: 2F 2-2: Ball 3-2: DOUBLE (Flyball, 89D, EV 90.6 MPH) Mike Gates scores Martinho Varandas to third Runner from 3rd tries for Home, SAFE, throw by RF to trailing runner, SAFE at third!
|
|
Batting: RHB Skeeter Barnes
|
0-0: Called Strike 0-1: Ball 1-1: Ball 2-1: Called Strike 2-2: Foul Ball, location: 2F 2-2: Fly out, F5 (Flyball, 56D, EV 88.8 MPH)
|
|
Batting: RHB Pepe Mangual
|
0-0: Fly out, F8 (Line Drive, 8RD, EV 83.1 MPH)
|
| Bottom of the 1st over - 3 runs, 2 hits, 0 errors, 1 left on base; Tucson 0 - Portland 3 |
| TOP OF THE 2ND |
|
Tucson Toros batting - Pitching for Portland Beavers : RHP Roy Smith
|
|
Batting: LHB Pat Dodson
|
0-0: Ball 1-0: Ball 2-0: Foul Ball, location: 2F 2-1: Foul Ball, location: 2F 2-2: Strikes out swinging
|
|
Batting: LHB Tim Krauss
|
0-0: Ball 1-0: DOUBLE (Line Drive, 9LM, EV 112.5 MPH)
|
|
Batting: SHB Michael Miara
|
0-0: Ball 1-0: Called Strike 1-1: Foul Ball, location: 2F 1-2: Strikes out looking
|
|
Batting: LHB Danny Garcia
|
0-0: Ball 1-0: Foul Ball, location: 2F 1-1: Swinging Strike 1-2: Foul Ball, location: 2F 1-2: Strikes out swinging
|
| Top of the 2nd over - 0 runs, 1 hit, 0 errors, 1 left on base; Tucson 0 - Portland 3 |
| BOTTOM OF THE 2ND |
|
Portland Beavers batting - Pitching for Tucson Toros : RHP Alfredo Campos
|
|
Batting: RHB Kevin Buckley
|
0-0: Foul Ball, location: 2F 0-1: Ball 1-1: Swinging Strike 1-2: Foul Ball, location: 2F 1-2: Strikes out swinging
|
|
Batting: LHB Pat Sheridan
|
0-0: Fly out, F4 (Flyball, 34D, EV 96.9 MPH)
|
|
Batting: SHB Wally Backman
|
0-0: Called Strike 0-1: Ball 1-1: Ground out U3 (Groundball, 34, EV 80.6 MPH)
|
| Bottom of the 2nd over - 0 runs, 0 hits, 0 errors, 0 left on base; Tucson 0 - Portland 3 |
| TOP OF THE 3RD |
|
Tucson Toros batting - Pitching for Portland Beavers : RHP Roy Smith
|
|
Batting: LHB Bruce Boisclair
|
0-0: Foul Ball, location: 2F 0-1: Ground out 3-1 (Groundball, 34, EV 92.5 MPH)
|
|
Batting: RHB Talmadge Tanks
|
0-0: Ball 1-0: Ball 2-0: Ball 3-0: Base on Balls
|
|
Batting: LHB Juan Bustabad
|
0-0: Ball 1-0: Ball 2-0: Called Strike 2-1: Ball 3-1: Foul Ball, location: 2F 3-2: Base on Balls Talmadge Tanks to second
|
|
Batting: SHB Rodney Scott
|
0-0: Called Strike 0-1: Called Strike 0-2: Ball 1-2: Strikes out swinging
|
|
Batting: RHB David Holmes
|
0-0: Ball 1-0: Swinging Strike 1-1: Ground out 5-3 (Groundball, 56S, EV 86.3 MPH)
|
| Top of the 3rd over - 0 runs, 0 hits, 0 errors, 2 left on base; Tucson 0 - Portland 3 |
| BOTTOM OF THE 3RD |
|
Portland Beavers batting - Pitching for Tucson Toros : RHP Alfredo Campos
|
|
Batting: LHB Mike Gates
|
0-0: Ball 1-0: Ball 2-0: Called Strike 2-1: Ball 3-1: Fly out, F1 (Line Drive, P, EV 69.4 MPH)
|
|
Batting: RHB Martinho Varandas
|
0-0: SINGLE (Line Drive, 9LS, EV 90.6 MPH)
|
|
Batting: LHB Harold Baines
|
0-0: Fly out, F7 (Flyball, 7D, EV 93.8 MPH)
|
|
Batting: LHB Andre David
|
0-0: Ball 1-0: Foul Ball, location: 2F 1-1: SINGLE (Line Drive, 7S, EV 103.1 MPH) Martinho Varandas to second
|
|
Batting: RHB Skeeter Barnes
|
0-0: Ball Wild Pitch! Martinho Varandas to third Andre David to second 1-0: DOUBLE (Groundball, 5L, EV 100.6 MPH) Martinho Varandas scores Andre David scores
|
|
Batting: RHB Pepe Mangual
|
0-0: Called Strike 0-1: Ball 1-1: Swinging Strike 1-2: Ball 2-2: TRIPLE (Flyball, 78XD, EV 108.8 MPH) Skeeter Barnes scores
|
|
Pitching: RHP Glenn Abbott
|
|
|
Batting: RHB Kevin Buckley
|
0-0: Fly out, F7 (Flyball, 7, EV 85.6 MPH)
|
| Bottom of the 3rd over - 3 runs, 4 hits, 0 errors, 1 left on base; Tucson 0 - Portland 6 |
| TOP OF THE 4TH |
|
Tucson Toros batting - Pitching for Portland Beavers : RHP Roy Smith
|
|
Batting: LHB Pat Dodson
|
0-0: Called Strike 0-1: Ball 1-1: Foul Ball, location: 2F 1-2: Ball 2-2: Fly out, F5 (Popup, 5, EV 57.5 MPH)
|
|
Batting: LHB Tim Krauss
|
0-0: Ball 1-0: Swinging Strike 1-1: Ground out 4-3 (Groundball, 4M, EV 77.5 MPH)
|
|
Batting: SHB Michael Miara
|
0-0: Called Strike 0-1: Ball 1-1: Fly out, F8 (Flyball, 8LS, EV 87.5 MPH)
|
| Top of the 4th over - 0 runs, 0 hits, 0 errors, 0 left on base; Tucson 0 - Portland 6 |
| BOTTOM OF THE 4TH |
|
Portland Beavers batting - Pitching for Tucson Toros : RHP Glenn Abbott
|
|
Batting: LHB Pat Sheridan
|
0-0: Foul Ball, location: 2F 0-1: Called Strike 0-2: Foul Ball, location: 2F 0-2: Ball 1-2: Strikes out swinging
|
|
Batting: SHB Wally Backman
|
0-0: Foul Ball, location: 2F 0-1: Ball 1-1: Foul Ball, location: 2F 1-2: Foul Ball, location: 2F 1-2: SINGLE (Line Drive, 6D, EV 103.8 MPH)
|
|
Batting: LHB Mike Gates
|
0-0: Ball 1-0: Called Strike 1-1: Ball 2-1: Ball 3-1: Called Strike 3-2: Foul Ball, location: 2F 3-2: Base on Balls Wally Backman to second
|
|
Batting: RHB Martinho Varandas
|
0-0: Ball 1-0: Ball 2-0: Ball 3-0: Called Strike 3-1: Base on Balls Wally Backman to third Mike Gates to second
|
|
Batting: LHB Harold Baines
|
0-0: Foul Ball, location: 2F 0-1: Ball 1-1: Foul Ball, location: 2F 1-2: Ball 2-2: Strikes out swinging
|
|
Batting: LHB Andre David
|
0-0: Ball 1-0: Swinging Strike 1-1: Ball 2-1: Foul Ball, location: 2F 2-2: Ground out 6-3 (Groundball, 6MD, EV 97.5 MPH)
|
| Bottom of the 4th over - 0 runs, 1 hit, 0 errors, 3 left on base; Tucson 0 - Portland 6 |
| TOP OF THE 5TH |
|
Tucson Toros batting - Pitching for Portland Beavers : RHP Roy Smith
|
|
Batting: LHB Danny Garcia
|
0-0: Ball 1-0: Swinging Strike 1-1: SOLO HOME RUN (Flyball, 89XD, EV 90.6 MPH), Distance : 420 ft
|
|
Batting: LHB Bruce Boisclair
|
0-0: Foul Ball, location: 2F 0-1: Called Strike 0-2: Ground out 5-3 (Groundball, 56, EV 90.6 MPH)
|
|
Batting: RHB Talmadge Tanks
|
0-0: Ball 1-0: Foul Ball, location: 2F 1-1: Called Strike 1-2: Ball 2-2: Foul Ball, location: 2F 2-2: Ball 3-2: Strikes out swinging
|
|
Batting: LHB Juan Bustabad
|
0-0: Called Strike 0-1: Ball 1-1: Ground out 6-3 (Groundball, 6, EV 103.8 MPH)
|
| Top of the 5th over - 1 run, 1 hit, 0 errors, 0 left on base; Tucson 1 - Portland 6 |
| BOTTOM OF THE 5TH |
|
Portland Beavers batting - Pitching for Tucson Toros : RHP Glenn Abbott
|
|
Batting: RHB Skeeter Barnes
|
0-0: Called Strike 0-1: Ball 1-1: Fly out, F9 (Flyball, 9LS, EV 89.4 MPH)
|
|
Batting: RHB Pepe Mangual
|
0-0: Foul Ball, location: 2F 0-1: DOUBLE (Flyball, 8RXD, EV 103.8 MPH)
|
|
Batting: RHB Kevin Buckley
|
0-0: Ball 1-0: Fly out, F7 (Line Drive, 7D, EV 93.8 MPH)
|
|
Batting: LHB Pat Sheridan
|
0-0: Ball Wild Pitch! Pepe Mangual to third 1-0: Called Strike 1-1: Fly out, F8 (Flyball, 78M, EV 73.1 MPH)
|
| Bottom of the 5th over - 0 runs, 1 hit, 0 errors, 1 left on base; Tucson 1 - Portland 6 |
| TOP OF THE 6TH |
|
Tucson Toros batting - Pitching for Portland Beavers : RHP Roy Smith
|
|
Batting: SHB Rodney Scott
|
0-0: Fly out, F5 (Line Drive, 5, EV 63.8 MPH)
|
|
Batting: RHB David Holmes
|
0-0: Ball 1-0: Ball 2-0: SINGLE (Groundball, 6MD, EV 107.5 MPH)
|
|
Batting: LHB Pat Dodson
|
0-0: Foul Ball, location: 2F 0-1: Ball 1-1: Foul Ball, location: 2F 1-2: Ball 2-2: Fly out, F8 (Flyball, 8LXD, EV 95.6 MPH)
|
|
Batting: LHB Tim Krauss
|
0-0: Called Strike 0-1: Ball 1-1: Ball 2-1: Fly out, F9 (Flyball, 9LS, EV 93.1 MPH)
|
| Top of the 6th over - 0 runs, 1 hit, 0 errors, 1 left on base; Tucson 1 - Portland 6 |
| BOTTOM OF THE 6TH |
|
Portland Beavers batting - Pitching for Tucson Toros : RHP Glenn Abbott
|
|
Batting: SHB Wally Backman
|
0-0: Called Strike 0-1: Ball 1-1: Called Strike 1-2: Foul Ball, location: 2F 1-2: Strikes out looking
|
|
Batting: LHB Mike Gates
|
0-0: Called Strike 0-1: Ball 1-1: Foul Ball, location: 2F 1-2: Foul Ball, location: 2F 1-2: Foul Ball, location: 2F 1-2: Ground out U3 (Groundball, 34S, EV 83.8 MPH)
|
|
Batting: RHB Martinho Varandas
|
0-0: Ball 1-0: Ball 2-0: Called Strike 2-1: Ball 3-1: Fly out, F8 (Flyball, 8RD, EV 106.9 MPH)
|
| Bottom of the 6th over - 0 runs, 0 hits, 0 errors, 0 left on base; Tucson 1 - Portland 6 |
| TOP OF THE 7TH |
|
Tucson Toros batting - Pitching for Portland Beavers : RHP Roy Smith
|
|
Batting: SHB Michael Miara
|
0-0: Called Strike 0-1: Called Strike 0-2: Ball 1-2: Foul Ball, location: 2F 1-2: Foul Ball, location: 2F 1-2: Foul Ball, location: 2F 1-2: Ground out U3 (Groundball, 3S, EV 64.4 MPH)
|
|
Batting: LHB Danny Garcia
|
0-0: Foul Ball, location: 2F 0-1: Ground out 4-3 (Groundball, 4, EV 81.3 MPH)
|
|
Batting: LHB Bruce Boisclair
|
0-0: Ball 1-0: Foul Ball, location: 2F 1-1: Called Strike 1-2: Ground out 4-3 (Groundball, 4, EV 85.0 MPH)
|
| Top of the 7th over - 0 runs, 0 hits, 0 errors, 0 left on base; Tucson 1 - Portland 6 |
| BOTTOM OF THE 7TH |
|
Portland Beavers batting - Pitching for Tucson Toros : RHP Glenn Abbott
|
|
Batting: LHB Harold Baines
|
0-0: Fly out, F8 (Flyball, 8RD, EV 102.5 MPH)
|
|
Batting: LHB Andre David
|
0-0: Ground out 4-3 (Groundball, 34, EV 86.9 MPH)
|
|
Batting: RHB Skeeter Barnes
|
0-0: Ball 1-0: Called Strike 1-1: Ball 2-1: Ground out U3 (Groundball, 3, EV 96.9 MPH)
|
| Bottom of the 7th over - 0 runs, 0 hits, 0 errors, 0 left on base; Tucson 1 - Portland 6 |
| TOP OF THE 8TH |
|
Tucson Toros batting - Pitching for Portland Beavers : RHP Roy Smith
|
|
Batting: RHB Talmadge Tanks
|
0-0: Ball 1-0: Ball 2-0: Ball 3-0: Foul Ball, location: 2F 3-1: Foul Ball, location: 2F 3-2: Strikes out swinging
|
|
Batting: LHB Juan Bustabad
|
0-0: Ball 1-0: Ball 2-0: Called Strike 2-1: Foul Ball, location: 2F 2-2: Foul Ball, location: 2F 2-2: Ball 3-2: Strikes out swinging
|
|
Batting: SHB Rodney Scott
|
0-0: Called Strike 0-1: Foul Ball, location: 2F 0-2: Ball 1-2: Foul Ball, location: 2F 1-2: SINGLE (Line Drive, 78M, EV 101.9 MPH)
|
|
Batting: RHB David Holmes
|
0-0: Ball 1-0: Swinging Strike 1-1: Swinging Strike 1-2: Foul Ball, location: 2F 1-2: Fielders Choice at 2nd, 5-4 (Groundball, 5, EV 86.3 MPH)
|
| Top of the 8th over - 0 runs, 1 hit, 0 errors, 1 left on base; Tucson 1 - Portland 6 |
| BOTTOM OF THE 8TH |
|
Portland Beavers batting - Pitching for Tucson Toros : RHP Glenn Abbott
|
|
Batting: RHB Pepe Mangual
|
0-0: Ball 1-0: Ball 2-0: Ball 3-0: Base on Balls
|
|
Batting: RHB Kevin Buckley
|
0-0: Swinging Strike 0-1: Ball 1-1: Called Strike 1-2: Strikes out swinging
|
|
Pitching: LHP Dan Schatzeder
|
|
|
Batting: LHB Pat Sheridan
|
0-0: Ball 1-0: Fielders Choice at 2nd, 5-4 (Groundball, 56, EV 93.8 MPH)
|
|
Batting: SHB Wally Backman
|
0-0: Ball 1-0: Called Strike 1-1: Ball 2-1: Ground out 4-3 (Groundball, 4, EV 88.8 MPH)
|
| Bottom of the 8th over - 0 runs, 0 hits, 0 errors, 1 left on base; Tucson 1 - Portland 6 |
| TOP OF THE 9TH |
|
Tucson Toros batting - Pitching for Portland Beavers : RHP Roy Smith
|
|
Batting: LHB Pat Dodson
|
0-0: Called Strike 0-1: Ball 1-1: Ball 2-1: Ball 3-1: Foul Ball, location: 2F 3-2: Foul Ball, location: 2F 3-2: Foul Ball, location: 2F 3-2: Fly out, F9 (Flyball, 9, EV 92.5 MPH)
|
|
Pitching: LHP Jerry Don Gleaton
|
|
|
Batting: LHB Tim Krauss
|
0-0: Called Strike 0-1: Ball 1-1: Called Strike 1-2: Ball 2-2: Fly out, F9 (Line Drive, 9D, EV 90.0 MPH)
|
|
Batting: SHB Michael Miara
|
0-0: Foul Ball, location: 2F 0-1: Ground out U3 (Groundball, 3S, EV 85.0 MPH)
|
| Top of the 9th over - 0 runs, 0 hits, 0 errors, 0 left on base; Tucson 1 - Portland 6 |
|